 Dungeon Crawl Stone Soup version 0.29-a0-330-g52719c12eb (webtiles) character file.

Game seed: 8485721007622376368

53801 enile the Stormcaller (level 14, -6/121 HPs)
             Began as a Black Draconian Air Elementalist on Apr 12, 2022.
             Was a High Priest of Sif Muna.
             Killed themself with a bounced orb of electricity (14 damage)
             ... on level 1 of the Orcish Mines.
             The game lasted 01:18:21 (31201 turns).

enile the Stormcaller (DrAE)                       Turns: 31201, Time: 01:18:22

Health: -6/121     AC:  4    Str: 11    XL:     14   Next: 32%
Magic:  29/35      EV: 14    Int: 26    God:    Sif Muna [*****.]
Gold:   1368       SH:  8    Dex: 12    Spells: 11/29 levels left

rFire   + . .      SeeInvis .   B - +2 war axe (vorpal)
rCold   + . .      Faith    .   j - +3 warlock's mirror {reflect}
rNeg    . . .      Spirit   .   (body armour unavailable)
rPois   +          Reflect  +   m - +1 hat
rElec   +          Harm     .   y - scarf {shadows}
rCorr   +          Rampage  .   u - +2 pair of gloves
Will    +....                   (no boots)
Stlth   ++........              k - amulet of magic regeneration
HPRegen 0.30/turn               T - +6 ring of intelligence
MPRegen 0.64/turn               V - ring of magical power

@: swift (expiring), resistant, corroded, flying, quick
A: breathe lightning, AC +8, unfitting armour, big wings, electricity
resistance, cold-blooded
a: Breathe Lightning, Renounce Religion, Channel Magic, Forget Spell, Divine
Exegesis


You were on level 1 of the Orcish Mines.
You worshipped Sif Muna.
Sif Muna was extremely pleased with you.
You visited 3 branches of the dungeon, and saw 18 of its levels.

You collected 1843 gold pieces.
You spent 475 gold pieces at shops.

Inventory:

Hand Weapons
 i - a +0 short sword
 n - a +0 quarterstaff
 r - a +0 trident of venom
 B - a +2 vorpal war axe (weapon)
 C - a +1 vampiric rapier
 H - a +0 mace of protection
 K - a +0 arbalest
Armour
 e - a scarf of repulsion
 j - the +3 warlock's mirror (worn) {reflect}
   (You acquired it on level 5 of the Dungeon)

   It can block and reflect piercing ranged attacks and magical attacks against
   the wielder's willpower.
 m - a +1 hat (worn)
 u - a +2 pair of gloves (worn)
 y - a scarf of shadows (worn)
 N - an orb of guile
Jewellery
 g - an amulet of regeneration
 k - an amulet of magic regeneration (around neck)
 o - a +4 ring of evasion
 w - a ring of protection from cold
 Q - a +6 ring of dexterity
 T - a +6 ring of intelligence (left hand)
 V - a ring of magical power (right hand)
Wands
 b - a wand of mindburst (1)
 c - a wand of polymorph (5)
 p - a wand of paralysis (5) (quivered)
 D - a wand of flame (24)
 Y - a wand of digging (1)
Scrolls
 a - 5 scrolls of teleportation
 d - 4 scrolls of torment
 f - a scroll of magic mapping
 z - 2 scrolls of fog
 G - 2 scrolls of enchant weapon
 I - a scroll of vulnerability
 L - 2 scrolls of enchant armour
 O - a scroll of silence
 P - 2 scrolls of immolation
 R - 2 scrolls of amnesia
 W - a scroll of blinking {unknown}
Potions
 h - 4 potions of degeneration
 l - a potion of cancellation {unknown}
 q - 8 potions of flight
 s - a potion of resistance
 t - 2 potions of might
 v - 7 potions of attraction
 x - 2 potions of lignification {unknown}
 A - 3 potions of mutation {unknown}
 E - 3 potions of magic
 F - 3 potions of haste {unknown}
 J - 6 potions of brilliance {unknown}
 X - a potion of ambrosia
 Z - 4 potions of curing


   Skills:
 - Level 10.0 Fighting
 - Level 7.0 Dodging
 - Level 1.7 Stealth
 - Level 7.0 Shields
 - Level 8.0 Spellcasting
 + Level 7.9 Conjurations
 - Level 18.0 Air Magic
 - Level 8.0 Invocations
 - Level 8.0 Evocations


You had 11 spell levels left.
You knew the following spells:

 Your Spells              Type           Power      Damage    Failure   Level
a - Airstrike             Air            40%        N/A       1%          4
b - Freezing Cloud        Conj/Ice/Air   26%        6-21      6%          5
c - Swiftness             Air            81%        N/A       0%          3
d - Shock                 Conj/Air       100%       1d9       1%          1
e - Mephitic Cloud        Conj/Pois/Air  53%        N/A       1%          3
f - Static Discharge      Conj/Air       67%        N/A       1%          2

Your spell library contained the following spells:

 Spells                   Type           Power      Damage    Failure   Level
 Dazzling Flash           Conj/Hex       60%        N/A       4%          3
 Beastly Appendage        Tmut           20%        N/A       7%          1
 Iskenderun's Battlesphe  Conj           51%        2d10      8%          5
 Wereblood                Tmut           10%        N/A       11%         2
 Fulminant Prism          Conj/Hex       15%        3d11      14%         4
 Iskenderun's Mystic Bla  Conj/Tloc      30%        2d8       14%         4
 Ignite Poison            Fire/Tmut/Pois 10%        N/A       22%         3
 Spider Form              Tmut/Pois      10%        N/A       22%         3
 Tukima's Dance           Hex            10%        N/A       22%         3
 Irradiate                Conj/Tmut      15%        3d18      36%         5
 Animate Dead             Necr           5%         N/A       56%         4
 Petrify                  Tmut/Erth      10%        N/A       56%         4
 Alistair's Intoxication  Tmut/Pois      6%         N/A       89%         5
 Borgnjor's Vile Clutch   Necr/Erth      5%         N/A       89%         5
 Lee's Rapid Deconstruct  Erth           5%         3d7*      89%         5
 Yara's Violent Unravell  Hex/Tmut       5%         3d4       89%         5
 Orb of Destruction       Conj           25%        9d9       93%         7
 Eringya's Noxious Bog    Tmut/Pois      5%         N/A       100%        6
 Haunt                    Necr/Summ      5%         N/A       100%        7
 Infestation              Necr           5%         N/A       100%        8


Dungeon Overview and Level Annotations

Branches:
Dungeon (10/15)            Temple (0/1) D:5            Lair (6/6) D:9
  Swamp (0/4) Lair:2       Spider (0/4) Lair:3        Slime (0/5) Lair:6
    Orc (2/2) D:9             Elf (0/3) Orc:2

Altars:
Fedhas
Kikubaaqudgha
Nemelex Xobeh
Sif Muna
Trog
Uskayaw
Wu Jian
Zin
The Shining One
Beogh
Lugonu

Shops:
D:4 !*!*:*   D:6 ((((   Orc:2 (

Portals:
Abyss: Lair:6

Annotations:
Lair:1 exclusion: 2 oklob plants
Lair:4 3 runed translucent doors, Jysajome's ghost, adept OgCj; Zun Lasmi's ghost, journeyman VSTm
Orc:1 4 transporters


Innate Abilities, Weirdness & Mutations

You can breathe wild blasts of lightning.
Your glossy black scales are hard. (AC +8)
You cannot fit into any form of body armour.
Your large and strong wings let you fly.
You are resistant to electric shocks. (rElec)
You are cold-blooded and may be slowed by cold attacks.


Message History

Something hits your orc.
The orc high priest calls upon Beogh to heal the orc warrior.
The orc warrior is healed somewhat.
Your gnoll hits the orc high priest with a +0 whip!
Something hits your gnoll. Something closely misses your gnoll.
You see here a +0 club.
You start to feel a little slower.
You see here a +0 giant club.
Okay, then.
Press: ? - help, . - travel, g - get item You can't see that place. [Stash: a +0 hand axe] [the floor.] Activating: Breathe Lightning (1% risk of failure)
Press: ? - help, Dir - look around, f - activate
Okay, then.
Aiming: Dig
Press: ? - help, Shift-Dir - straight line A rock wall.
The rock shatters into small pieces.
Okay, then.
You feel protected.
Expiring: You can move swiftly.
You are resistant to the elements.
You are corroded.
You are flying.
Your flying speed is aided by the wind and quick.
Your attack delay is about 1.5.
Your base attributes are Str 11, Int 20, Dex 12.
Unknown command.
Activating: Breathe Lightning (1% risk of failure)
Press: ? - help, Dir - look around, f - activate You breathe a wild blast of lightning!
The orb of electricity explodes!
The orb of electricity engulfs you! You resist.
* * * LOW HITPOINT WARNING * * *
The orb of electricity engulfs the sun demon.
The sun demon resists.
The sun demon is lightly wounded.
The orb of electricity explodes!
The orb of electricity engulfs you! You resist.
You die...

#### #########
##..####.#.##.##
###....##.........
#@.3..............
####...^..........
#.###.)...........
#.###.#..>........
#)##..3...........
#.#......[....#...
#)##.)..g......#..
#.##[)[[..........
#....[##3........#


You could see a sun demon (summoned).

Vanquished Creatures
  An orc warlord (Orc:2)
  Snorg (Lair:5)
  7 hydras
  2 boulder beetles
  Erolcha (Orc:1)
  2 two-headed ogres
  4 death yaks (Lair:6)
  3 orc high priests (Orc:2)
  3 thrashing horrors (Lair:6)
  A skeletal warrior (D:7)
  An orc knight (Orc:1)
  2 cyclopes
  3 ugly things (Lair:6)
  2 orc sorcerers
  An oklob plant (Lair:3)
  3 black mambas
  8 elephants
  8 cane toads
  An unseen horror (D:9)
  A gargoyle (D:7)
  A cane toad (shapeshifter) (Lair:6)
  2 smoke demons (Lair:6)
  4 komodo dragons
  3 rime drakes
  4 trolls
  An ancient zyme (Lair:6)
  A hornet (D:9)
  A meliai (Lair:3)
  4 polar bears
  2 tyrant leeches (Lair:2)
  20 blink frogs
  A slime creature (D:7)
  A large abomination (Lair:6)
  A yak (shapeshifter) (Lair:6)
  A ynoxinul (Lair:6)
  4 wyverns
  A spriggan (Lair:6)
  Eustachio (D:6)
  27 yaks
  2 basilisks (Lair:6)
  12 small abominations (Lair:6)
  A steam dragon (D:7)
  4 wargs
  A swamp worm (shapeshifter) (Lair:6)
  20 water moccasins
  3 black bears
  28 orc warriors
  6 ogres
  2 centaurs
  18 bullfrogs
  3 kobold brigands
  A necrophage (D:7)
  A gnoll sergeant (D:10)
  5 scorpions
  8 wights
  21 killer bees
  2 electric eels (Lair:6)
  7 howler monkeys
  A lava snake (Lair:6)
  6 jellies
  15 orc priests
  3 hounds
  3 iguanas (D:5)
  A gnoll shaman (D:6)
  Jessica (D:3)
  15 orc wizards
  11 gnolls
  6 adders
  3 dart slugs
  68 orcs
  7 endoplasms
  6 giant cockroaches
  3 goblins
  5 hobgoblins
  4 jackals (D:2)
  5 quokkas
  5 ball pythons
  2 bats
  2 frilled lizards (D:1)
  19 kobolds
  6 rats
477 creatures vanquished.

Vanquished Creatures (collateral kills)
  A death yak (Lair:6)
  An ugly thing (Lair:6)
  A polar bear (Lair:2)
  2 yaks
  A black bear (D:9)
6 creatures vanquished.

Vanquished Creatures (others)
  A death yak (Lair:6)
  A rime drake (Lair:3)
  A yak (Lair:2)
  A basilisk (Lair:6)
  A necrophage (D:7)
  A scorpion (D:7)
  An orc priest (Orc:2)
  118 fungi
  139 plants
264 creatures vanquished.

Grand Total: 747 creatures vanquished

Notes
Turn   | Place    | Note
-------+----------+-------------------------------------------
     0 | D:1      | enile the Draconian Air Elementalist began the quest for
                  | the Orb.
     0 | D:1      | Reached XP level 1. HP: 14/14 MP: 3/3
   339 | D:1      | Reached skill level 1 in Fighting
   791 | D:1      | Reached XP level 2. HP: 24/24 MP: 0/5
  1356 | D:1      | Learned a level 2 spell: Static Discharge
  1622 | D:2      | Found an ancient bone altar of Kikubaaqudgha.
  1821 | D:2      | Reached XP level 3. HP: 28/29 MP: 7/7
  1832 | D:2      | Found a faded altar of an unknown god.
  1840 | D:2      | Prayed at the altar of an unknown god.
  1840 | D:2      | Became a worshipper of Sif Muna the Loreminder
  1840 | D:2      | Reached * piety under Sif Muna
  2644 | D:3      | Found a bloodstained altar of Trog.
  2893 | D:3      | Noticed Jessica
  2896 | D:3      | Killed Jessica
  2897 | D:3      | Reached XP level 4. HP: 33/36 MP: 4/8
  2901 | D:3      | Learned a level 3 spell: Swiftness
  3203 | D:3      | Reached skill level 4 in Air Magic
  3203 | D:3      | Reached XP level 5. HP: 36/41 MP: 0/9
  3475 | D:4      | Found Ychuyroj's Distillery.
  3478 | D:4      | Bought a potion of heal wounds for 50 gold pieces
  3478 | D:4      | Bought a potion of curing for 30 gold pieces
  3478 | D:4      | Bought a potion of flight for 30 gold pieces
  3569 | D:4      | Reached ** piety under Sif Muna
  3664 | D:4      | Found Pireah's Book Emporium.
  3668 | D:4      | Noticed an ogre
  3706 | D:4      | Killed an ogre
  3707 | D:4      | Reached skill level 5 in Air Magic
  3725 | D:4      | Reached XP level 6. HP: 28/48 MP: 10/10
  3770 | D:4      | Found Fouleig's Assorted Antiques.
  3839 | D:4      | Found Wiyrpham's General Store.
  3858 | D:4      | Bought a scroll of identify for 20 gold pieces
  3858 | D:4      | Bought a scroll of teleportation for 30 gold pieces
  3858 | D:4      | Bought a scroll of magic mapping for 35 gold pieces
  3936 | D:4      | Found Kaopeuno's Distillery.
  3946 | D:4      | Learned a level 4 spell: Airstrike
  3990 | D:4      | Found Ciyl's General Store.
  4220 | D:4      | Found a sparkling altar of Nemelex Xobeh.
  4847 | D:5      | Entered Level 5 of the Dungeon
  5209 | D:5      | Your scales start taking on a glossy black colour.
  5209 | D:5      | Reached skill level 6 in Air Magic
  5209 | D:5      | Reached XP level 7. HP: 55/55 MP: 6/11
  5209 | D:5      | Gained mutation: You are resistant to electric shocks.
                  | (rElec) [Black Draconian growth]
  5232 | D:5      | Reached skill level 7 in Air Magic
  5351 | D:5      | Found a staircase to the Ecumenical Temple.
  5608 | D:5      | Reached skill level 8 in Air Magic
  5949 | D:5      | Identified a scroll of acquirement
  5953 | D:5      | Acquired the +3 warlock's mirror {reflect}
  5953 | D:5      | Found the +3 warlock's mirror {reflect}
  6001 | D:6      | Found Wykhleata's Weapon Shoppe.
  6227 | D:6      | Reached *** piety under Sif Muna
  6228 | D:6      | Reached skill level 1 in Shields
  6228 | D:6      | Reached XP level 8. HP: 35/66 MP: 14/14
  6428 | D:6      | Found a hide-covered altar of Uskayaw.
  6446 | D:6      | Reached skill level 1 in Invocations
  6702 | D:6      | Found Getaen Omyx's Weapon Boutique.
  6825 | D:6      | Noticed Eustachio
  6841 | D:6      | Noticed a troll
  6848 | D:6      | Killed a troll
  6849 | D:6      | Reached skill level 5 in Invocations
  6894 | D:6      | Killed Eustachio
  6919 | D:6      | Found Ebeivunu's Weapon Shoppe.
  6934 | D:6      | Found Ucev's Antique Weapon Shoppe.
  7047 | D:6      | Found an ornate altar of the Wu Jian Council.
  7471 | D:7      | Reached skill level 5 in Dodging
  7471 | D:7      | Reached XP level 9. HP: 57/71 MP: 3/15
  7833 | D:7      | Reached skill level 5 in Fighting
  7833 | D:7      | Reached skill level 1 in Evocations
  8564 | D:7      | Noticed a troll
  8572 | D:7      | Reached skill level 5 in Evocations
  8926 | D:7      | Killed a troll
  8937 | D:7      | Noticed a troll
  8940 | D:7      | Noticed a skeletal warrior
  9316 | D:7      | Noticed a cyclops
  9320 | D:7      | Reached **** piety under Sif Muna
  9321 | D:7      | Killed a skeletal warrior
  9322 | D:7      | Reached XP level 10. HP: 66/81 MP: 16/16
  9375 | D:7      | Killed a cyclops
  9507 | D:7      | Noticed a gargoyle
  9508 | D:7      | Noticed a cyclops
  9632 | D:7      | Killed a gargoyle
 10024 | D:8      | Reached skill level 9 in Air Magic
 10572 | D:8      | Reached skill level 10 in Air Magic
 11179 | D:9      | Reached skill level 11 in Air Magic
 11711 | D:9      | Reached XP level 11. HP: 86/86 MP: 9/17
 11730 | D:9      | Found a staircase to the Lair.
 11804 | D:9      | Noticed a two-headed ogre
 12076 | D:9      | Found a glowing silver altar of Zin.
 12641 | Lair:1   | Entered Level 1 of the Lair of Beasts
 12841 | Lair:1   | Noticed an oklob plant
 13426 | D:9      | Killed a two-headed ogre
 13427 | D:9      | Reached skill level 5 in Shields
 13672 | D:9      | Found a staircase to the Orcish Mines.
 13829 | D:9      | Found a blossoming altar of Fedhas.
 13921 | D:10     | Entered Level 10 of the Dungeon
 14416 | D:10     | Reached ***** piety under Sif Muna
 14417 | D:10     | Noticed a two-headed ogre
 14738 | D:10     | Found a glowing golden altar of the Shining One.
 14900 | D:10     | Killed a two-headed ogre
 14900 | D:10     | Received a gift from Sif Muna
 14901 | D:10     | Got Sif Muna's Compendium of Damaging Stones {god gift}
 15031 | D:4      | Bought a Trismegistus Codex for 280 gold pieces
 15035 | D:4      | Learned a level 3 spell: Mephitic Cloud
 15041 | D:4      | Learned a level 5 spell: Freezing Cloud
 15469 | Lair:1   | Noticed an oklob plant
 16338 | Lair:2   | Noticed a five-headed hydra
 16487 | Lair:1   | Reached skill level 5 in Spellcasting
 16733 | Lair:2   | Reached XP level 12. HP: 87/100 MP: 6/20
 17063 | Lair:2   | Reached skill level 12 in Air Magic
 17474 | Lair:2   | Killed a five-headed hydra
 17543 | Lair:2   | Found a staircase to the Swamp.
 18028 | Lair:3   | Reached skill level 13 in Air Magic
 18439 | Lair:3   | Found a hole to the Spider Nest.
 18882 | Lair:2   | Reached skill level 14 in Air Magic
 19258 | Lair:3   | Noticed a seven-headed hydra
 19823 | Lair:3   | Killed a seven-headed hydra
 20187 | Lair:4   | Noticed a six-headed hydra
 20193 | Lair:4   | Killed a six-headed hydra
 20623 | Lair:4   | Noticed a boulder beetle
 20650 | Lair:4   | Killed a boulder beetle
 20651 | Lair:4   | Reached skill level 15 in Air Magic
 20762 | Lair:4   | Found a runed translucent gate.
 20762 | Lair:4   | Found a runed translucent gate.
 20763 | Lair:4   | Found a runed translucent gate.
 20764 | Lair:4   | Noticed Jysajome's ghost (adept OgCj)
 20765 | Lair:4   | Noticed Zun Lasmi's ghost (journeyman VSTm)
 21512 | Lair:5   | Noticed a boulder beetle
 21532 | Lair:5   | Killed a boulder beetle
 21533 | Lair:5   | Reached skill level 16 in Air Magic
 21716 | Lair:5   | Noticed a six-headed hydra
 21900 | Lair:5   | Noticed Snorg
 22448 | Lair:5   | Killed a six-headed hydra
 22449 | Lair:5   | Reached XP level 13. HP: 63/105 MP: 10/23
 22965 | Lair:5   | You fall into a shaft and drop 1 floor!
 22965 | Lair:6   | Entered Level 6 of the Lair of Beasts
 23541 | Lair:6   | Reached skill level 17 in Air Magic
 24459 | Lair:5   | Killed Snorg
 24904 | Lair:6   | Found a staircase to the Slime Pits.
 25081 | Lair:6   | Reached skill level 18 in Air Magic
 26753 | Lair:6   | Found a corrupted altar of Lugonu.
 26753 | Lair:6   | Found a one-way gate to the infinite horrors of the Abyss.
 27748 | Lair:6   | Reached skill level 10 in Fighting
 27749 | Lair:6   | Gained mutation: Your large and strong wings let you fly.
                  | [Black Draconian growth]
 27749 | Lair:6   | Reached XP level 14. HP: 65/121 MP: 3/26
 28128 | Orc:1    | Entered Level 1 of the Orcish Mines
 28676 | Orc:1    | Received a gift from Sif Muna
 28677 | Orc:1    | Got Sif Muna's Compendium of Captivating Stones {god gift}
 28779 | Orc:1    | Reached skill level 5 in Conjurations
 29022 | Orc:2    | Entered Level 2 of the Orcish Mines
 29022 | Orc:2    | Found a staircase to the Elven Halls.
 29931 | Orc:2    | Found Weir's Antique Weapon Shop.
 30132 | Orc:2    | Noticed an orc warlord
 30155 | Orc:2    | Killed an orc warlord
 30279 | Orc:1    | Noticed Erolcha
 30289 | Orc:1    | Killed Erolcha
 30709 | Orc:1    | Found an ornate altar of the Wu Jian Council.
 30720 | Orc:1    | Found a transporter.
 30744 | Orc:1    | Found a transporter.
 30789 | Orc:1    | Found a transporter.
 30920 | Orc:1    | Found a transporter.
 30921 | Orc:1    | Found an ornate altar of the Wu Jian Council.
 30921 | Orc:1    | Noticed an orc warlord
 31201 | Orc:1    | Killed themself with a bounced orb of electricity

Illustrated notes

Levels and vault maps discovered:
D:1:      wander_arrival_estate, layout_loops_corners, serial_co_window_serial,
          co_window_paths_a, co_window_paths_a, co_window_paths_b,
          co_window_corner_a, co_window_paths_a, co_window_corner_a,
          co_window_paths_b, co_window_paths_a, co_window_paths_a,
          co_window_corner_b, co_window_unsneaky_path_e, co_window_2corner,
          co_window_2corner, co_window_corner_ca, co_window_paths_d,
          glass_columns_c, glass_columns_a, glass_columns_a, glass_columns_b,
          glass_columns_b
D:2:      layout_basic, basic_altar, basic_ecumenical_altar,
          chequers_serial_rivers_micro_c
D:3:      layout_loops_cross, lemuel_tele_altar, uniq_jessica
D:4:      layout_basic, nemelex_dance_club_becter, serial_shops,
          kennysheep_little_box, shop_coins, kennysheep_mini,
          nicolae_take_the_stairs, nicolae_shop_waterfront,
          minmay_crystal_water, st_stairs_2, chequers_serial_rivers_marsh,
          nicolae_stop_n_shop_2
D:5:      layout_rooms, nicolae_overflow_hidden_temple,
          minmay_temple_entry_overgrown
D:6:      layout_loops_ring, old_standard_altar,
          pdpol_wu_jian_five_deadly_venoms, serial_shops, nicolae_shop_stone,
          nicolae_shop_behind_doors, shop, nicolae_shop_bloodbath_and_beyond,
          uniq_eustachio
D:7:      minmay_the_grid_triangle_9x9_recursive_2
          [minmay_the_grid_triangle_9x9_prize_top_heavy,
          minmay_the_grid_triangle_9x9_skeleton,
          minmay_the_grid_triangle_9x9_stretched_checkered,
          minmay_the_grid_triangle_9x9_flanged_cone], layout_loops_ring,
          corexii_checkpoint_b, skrybe_limestone_x, abandoned_shop
D:8:      layout_gridville, minmay_tree_intersection
D:9:      layout_basic, fedhas_altar_3, overflow_temple_1_default,
          due_lair_maze_entry_diamond, orc_0_dummy, kennysheep_nub,
          minmay_misc_feat_tower
D:10:     layout_basic, kennysheep_mini_moat, cheibrodos_worm_habitat,
          lemuel_old_faithful
Lair:1:   dpeg_oklob_gauntlet, layout_big_grid
Lair:2:   layout_cave_pods, minmay_swamp_entry_worms, st_stairs_5,
          cheibrodos_lair_lostbears, grunt_megastairs_3
Lair:3:   wander_river, layout_regular_city, hellmonk_spider_entry_not_the_bees,
          guppyfry_lair_drakes
Lair:4:   layout_long_grid, gammafunk_ghost_cemetery, nzn_sisyphean_effort,
          lemuel_fruit_tree
Lair:5:   layout_small_grid, uniq_snorg
Lair:6:   hellmonk_lair_end_abyssal_woods, layout_gridlike, slime_dummy,
          serial_bayou_shore_a, infiniplex_staircase_pool_2, lemuel_fruit_fields
Orc:1:    dreamdust_wu_jian_sword_trials, layout_caves, basic_altar,
          minmay_orc_temple_b, uniq_erolcha
Orc:2:    grunt_orc_gardens, layout_caves, grunt_orc_garden, grunt_orc_garden,
          grunt_orc_garden, grunt_orc_garden

Skill      XL: |  1  2  3  4  5  6  7  8  9 10 11 12 13 14 |
---------------+-------------------------------------------+-----
Fighting       | 1 2 4 5 7 10 | 10.0
Spellcasting   | 3 4 5 6 8 |  8.0
Conjurations   | 2 3 4 7 |  7.9
Air Magic      | 4 5 6 8 11 16 18 | 18.0
Dodging        | 2 3 5 6 7 |  7.0
Shields        | 1 3 7 |  7.0
Invocations    | 5 8 |  8.0
Evocations     | 6 7 8 |  8.0
Stealth        | |  1.7

Action                   |  1- 3 |  4- 6 |  7- 9 | 10-12 | 13-15 || total
-------------------------+-------+-------+-------+-------+-------++-------
Melee: Unarmed           |     9 |       |       |       |       ||     9
       Tailslap          |     3 |    11 |    46 |    59 |    24 ||   143
       Short sword       |    22 |       |       |       |       ||    22
       Quarterstaff      |       |    76 |    91 |       |       ||   167
       War axe           |       |       |   132 |   334 |   122 ||   588
       Rapier            |       |       |    99 |    53 |       ||   152
 Cast: Shock             |    89 |    40 |     2 |       |       ||   131
       Static Discharge  |       |     1 |     1 |       |       ||     2
       Swiftness         |       |     1 |       |     4 |     5 ||    10
       Airstrike         |       |    11 |    57 |   262 |   351 ||   681
       Mephitic Cloud    |       |       |       |     3 |     5 ||     8
       Freezing Cloud    |       |       |       |       |     2 ||     2
 Abil: Breathe Lightning |       |       |    10 |    34 |    11 ||    55
Evoke: Wand              |       |     2 |     1 |    14 |    11 ||    28
  Use: Potion            |     2 |     4 |     2 |     4 |     2 ||    14
       Scroll            |       |       |    10 |    13 |     9 ||    32
 Stab: Paralysed         |       |     3 |     3 |     6 |     7 ||    19
       Sleeping          |       |     2 |       |     1 |       ||     3
       Petrified         |       |       |       |       |     7 ||     7
       Confused          |       |       |       |       |     1 ||     1
Armor: Skin              |    25 |    31 |   185 |   221 |    55 ||   517
Dodge: Dodged            |    48 |    37 |   267 |   599 |   138 ||  1089
       Repelled          |       |     3 |       |       |       ||     3
Block: Buckler           |       |       |   143 |   327 |   119 ||   589
       Reflection        |       |       |    10 |    14 |    14 ||    38

Table legend: (Time is in decaauts)
 A = Elapsed time spent in this place.
 B = Non-inter-level travel time spent in this place.
 C = Inter-level travel time spent in this place.
 D = Time resting spent in this place.
 E = Time spent auto-exploring this place.
 F = Levels seen in this place.
 G = Mean time per level.
                   A        B        C        D        E       F      G
               +--------+--------+--------+--------+--------+-----+--------+
         Total |  31656 |  30370 |   1286 |   4260 |  21502 |  18 | 1758.7 |
       Dungeon |  15158 |  14517 |    641 |   1455 |  10614 |  10 | 1515.8 |
          Lair |  13873 |  13267 |    606 |   2272 |   9346 |   6 | 2312.2 |
  Orcish Mines |   2624 |   2585 |     39 |    533 |   1541 |   2 | 1312.0 |
               +--------+--------+--------+--------+--------+-----+--------+

Top non-repeatable levels by time:
  Lair:6: 3489 daAuts
  Lair:2: 3248 daAuts
  Lair:5: 2793 daAuts
     D:7: 2441 daAuts
     D:9: 2357 daAuts
   Orc:1: 2265 daAuts
     D:8: 1789 daAuts
     D:6: 1636 daAuts
  Lair:1: 1624 daAuts
     D:1: 1564 daAuts
     D:4: 1441 daAuts
  Lair:4: 1421 daAuts
  Lair:3: 1295 daAuts
     D:5: 1204 daAuts
     D:3: 1025 daAuts
